 Dungeon Crawl Stone Soup version 0.29.1-1-gd02db6906a (webtiles) character file.

Game seed: 6899569356811024297

168 lonewolfV2 the Covered (level 5, -11/33 HPs)
             Began as a Gargoyle Fighter on Oct 16, 2022.
             Mangled by an ogre
             ... wielding a +0 giant spiked club
              (28 damage)
             ... on level 4 of the Dungeon.
             The game lasted 00:06:33 (3688 turns).

lonewolfV2 the Covered (Gargoyle Fighter)           Turns: 3688, Time: 00:06:34

Health: -11/33     AC: 12    Str: 21    XL:     5   Next: 49%
Magic:  5/5        EV:  9    Int:  9    God:
Gold:   192        SH:  4    Dex:  9    Spells: 4/4 levels left

rFire   . . .      SeeInvis .   q - +2 mace (venom)
rCold   . . .      Faith    +   c - +0 buckler
rNeg    + . .      Spirit   .   b - +0 scale mail
rPois   ∞          Reflect  .   p - +0 helmet
rElec   +          Harm     .   (no cloak)
rCorr   .          Rampage  .   (no gloves)
Will    .....                   (no boots)
Stlth   ..........              e - amulet of faith
HPRegen 0.11/turn               m - +4 ring of slaying
MPRegen 0.09/turn               (no ring)

@: no status effects
A: sickness immunity, AC +4, negative energy resistance 1, electricity
resistance, torment resistance 1, petrification resistance
a: no special abilities


You were on level 4 of the Dungeon.
You visited 1 branch of the dungeon, and saw 4 of its levels.

You collected 192 gold pieces.

Inventory:

Hand Weapons
 q - a +2 mace of venom (weapon)
Armour
 b - a +0 scale mail (worn)
 c - a +0 buckler (worn)
 p - a +0 helmet (worn)
Jewellery
 e - an amulet of faith (around neck)
 m - a +4 ring of slaying (left hand)
Wands
 a - a wand of flame (24)
Scrolls
 g - 2 scrolls of teleportation
 i - a scroll of magic mapping {unknown}
 n - a scroll of enchant weapon {unknown}
Potions
 d - a potion of might
 f - a potion of lignification
 h - 3 potions of curing
 j - a potion of brilliance
 k - a potion of heal wounds
 l - a potion of haste
 r - a potion of degeneration {unknown}


   Skills:
 + Level 4.3 Fighting
 + Level 3.2 Maces & Flails
 + Level 4.3 Armour
 + Level 4.3 Shields


You had 4 spell levels left.
You didn't know any spells.
Your spell library contained the following spells:

 Spells                   Type           Power      Damage    Failure   Level
 Slow                     Hex            0%         N/A       80%         1
 Confusing Touch          Hex            0%         N/A       99%         3
 Vampiric Draining        Necr           0%         2d6       99%         3
 Leda's Liquefaction      Hex/Erth       0%         N/A       100%        4
 Blade Hands              Tmut           0%         N/A       100%        5
 Irradiate                Conj/Tmut      0%         3d11      100%        5
 Lee's Rapid Deconstruct  Erth           0%         3d5*      100%        5
 Dragon Form              Tmut           0%         N/A       100%        7
 Statue Form              Tmut/Erth      Unusable   N/A       N/A         6

Dungeon Overview and Level Annotations

Branches:
Dungeon (4/15)
 Temple: D:4-7

Altars:
Ashenzari
Elyvilon
Trog
Vehumet
Yredelemnul


Innate Abilities, Weirdness & Mutations

You are immune to sickness and miasma.
Your stone body is resilient. (AC +4)
You are immune to poison.
You resist negative energy. (rN+)
You are resistant to electric shocks. (rElec)
You are resistant to unholy torment.
You are immune to petrification.


Message History

You kill the orc!
The orc hits you but does no damage.
Items here: $ ) [ †.
You closely miss the orc. You block the orc's attack.
You barely miss the orc. You block the orc's attack.
The orc closely misses you.
You barely miss the orc. The orc hits you but does no damage.
You thump the orc!
You kill the orc!
n - a scroll labelled PIF BUURPHITZ
Items here: ( )) [[ ††.
Items here: ( )) [[ ††.
You now have 192 gold pieces (gained 10).
Things that are here:
a +2 short sword of draining; a +0 leather armour; an orc corpse An ogre comes into view.
It is wielding a +0 giant spiked club.
The ogre shouts!
An ogre is nearby!
An ogre is nearby!
The ogre hits you with a +0 giant spiked club!
Ouch! That really hurt!
You hit the ogre.
The ogre is poisoned.
The ogre is lightly wounded.
You block the ogre's attack.
You hit the ogre.
The ogre looks as sick as possible!
The ogre is moderately wounded.
You block the ogre's attack.
You barely miss the ogre.
The ogre is moderately wounded.
You block the ogre's attack.
You hit the ogre.
The ogre looks as sick as possible!
The ogre is heavily wounded.
The ogre closely misses you.
You hit the ogre.
The ogre looks as sick as possible!
The ogre is severely wounded.
You completely miss the ogre.
The ogre is almost dead.
The ogre hits you with a +0 giant spiked club!!
Ouch! That really hurt!
You die...

##.## #+# #...#
#...# #...#
#.### #.#
####### ##.##
#.....
#...###.#.##
#......@...#
#...###O#......
##### #.# ##.##
#.# #.. ###


You could see an ogre (extremely poisoned).

Vanquished Creatures
  A scorpion (D:4)
  A jelly (D:4)
  An adder (D:3)
  An ufetubus (D:2)
  A dart slug (D:2)
  7 orcs (D:4)
  A bat (D:3)
  9 endoplasms
  2 giant cockroaches (D:3)
  3 goblins
  5 hobgoblins
  9 kobolds
  A quokka (D:1)
  3 ball pythons
  4 frilled lizards
  5 rats
54 creatures vanquished.

Vanquished Creatures (others)
  4 plants (D:2)
4 creatures vanquished.

Grand Total: 58 creatures vanquished

Notes
Turn   | Place    | Note
-------+----------+-------------------------------------------
     0 | D:1      | lonewolfV2 the Gargoyle Fighter began the quest for the
                  | Orb.
     0 | D:1      | Reached XP level 1. HP: 14/14 MP: 1/1
   478 | D:1      | Found a faded altar of an unknown god.
   674 | D:1      | Reached XP level 2. HP: 10/19 MP: 2/2
  1228 | D:2      | Found a radiant altar of Vehumet.
  1405 | D:2      | Reached XP level 3. HP: 22/23 MP: 3/3
  2407 | D:3      | Found a broken altar of Ashenzari.
  2916 | D:3      | Reached XP level 4. HP: 29/29 MP: 4/4
  3533 | D:4      | Noticed a scorpion
  3538 | D:4      | Killed a scorpion
  3539 | D:4      | Reached XP level 5. HP: 33/33 MP: 5/5
  3580 | D:4      | Found a bloodstained altar of Trog.
  3581 | D:4      | Found a basalt altar of Yredelemnul.
  3584 | D:4      | Found a white marble altar of Elyvilon.
  3681 | D:4      | Noticed an ogre
  3688 | D:4      | Mangled by an ogre

Illustrated notes

Levels and vault maps discovered:
D:1:      erik_arrival_blinker_ship, layout_loops_ring,
          shapermc_ecumenical_altar_venn
D:2:      layout_basic, basic_altar, minmay_misc_feat_tiny, serial_bayou_pond_c,
          glass_columns_a, serial_bayou_ford_a, chequers_serial_rivers_room_b,
          kennysheep_decorative_pillar, roderic_roman_lattice
D:3:      layout_loops_corners, ashenzari_altar_1
D:4:      layout_loops_corners, grunt_temple_overflow_open,
          minmay_temple_entry_arrows, uniq_robin, uniq_eustachio

Skill      XL: |  1  2  3  4 |
---------------+-------------+-----
Fighting       | 4 |  4.3
Armour         | 4 |  4.3
Shields        | 4 |  4.3
Maces & Flails | 3 |  3.2

Action                   |  1- 3 |  4- 6 || total
-------------------------+-------+-------++-------
Melee: Flail             |    97 |       ||    97
       Mace              |    14 |    33 ||    47
  Use: Scroll            |     5 |     3 ||     8
Armor: Scale mail        |    56 |    16 ||    72
Dodge: Dodged            |    49 |    13 ||    62
Block: Buckler           |    30 |     9 ||    39
